Map: Blueshift LE

Players

ShaDoWn - Winner!

  • Race: Protoss Protoss
  • Spawn Location: 7:00

Buster

  • Race: Terran Terran
  • Spawn Location: 1:00

Event: WCS Montreal 2018

VOD

Have the link to the VOD?

Description

Time

  • Played on: Sept. 7, 2018, 12:22 p.m.
  • Length: 7:40

All games in this series

Show
View Real Time Build Order
Export as new Build Order

ShaDoWn Protoss - Winner!

Build Orders: Oracle Opening, Blink Stalkers 

Get SALT Encoding   

  12  0:00  Probe  
  13  0:13  Probe  
  14  0:18  Pylon  
  14  0:24  Probe  
  15  0:32  Probe  
  15  0:38  Gateway  
  15  0:40  Probe  
  16  0:47  Assimilator  
  17  0:51  Probe  
  18  0:58  Assimilator  
  18  1:03  Probe  
  19  1:15  Probe  
  20  1:23  Pylon  
  20  1:25  Cybernetics Core  
  20  1:27  Probe  
  21  1:39  Probe  
  22  1:51  Probe  
  23  1:56  Adept  
  23  2:02  Stargate  
  23  2:07  Probe  
  26  2:15  Warp Gate  
  26  2:20  Adept  
  28  2:31  Nexus  
  28  2:34  Probe  
  29  2:50  Oracle  
  31  3:00  Pylon  
  31  3:18  Probe  
  32  3:22  Pylon  
  32  3:25  Oracle  
  35  3:30  Probe  
  36  3:40  Probe  
  36  3:41  Twilight Council  
  36  3:42  Probe  
  38  3:48  Probe  
  38  3:49  Blink  
  38  3:51  Gateway  
  38  3:54  Probe  
  40  3:58  Gateway, Probe  
  41  4:06  Probe  
  42  4:10  Probe  
  43  4:18  Probe  
  43  4:21  Stalker  
  43  4:22  Probe  
  47  4:30  Probe  
  48  4:34  Probe  
  49  4:43  Probe  
  50  4:47  Probe  
  50  4:50  Stalker  
  50  4:51  Stalker  
  55  4:52  Stalker  
  55  4:56  Pylon  
  55  4:58  Probe  
  57  5:10  Nexus  
  58  5:17  Stalker x2  
  58  5:19  Stalker, Probe  
  58  5:21  Probe  
  65  5:28  Pylon  
  65  5:32  Probe  
  66  5:42  Stalker x2  
  70  5:46  Probe x2  
  70  5:47  Stalker, Assimilator x2  
  70  6:01  Probe x2  
  67  6:08  Stalker x2  
  67  6:11  Stalker  
  73  6:13  Probe x2  
  73  6:18  Probe  
  75  6:25  Probe x2  
  75  6:26  Probe  
  75  6:29  Shield Battery  
  77  6:34  Forge  
  77  6:35  Forge  
  80  6:40  Sentry  
  80  6:43  Shield Battery  
  80  6:47  Stalker  
  80  6:48  Stalker  
  80  6:53  Probe  
  82  6:58  Probe  
  79  7:03  Probe  
  79  7:05  Probe  
  79  7:10  Probe  
  76  7:16  Probe  
  76  7:17  Probe  
  76  7:18  Stalker x3  
  76  7:22  Probe  
  83  7:28  Probe  
  79  7:33  Shield Battery  
Show
View Real Time Build Order
Export as new Build Order

Buster Terran 

Build Orders: Cyclone Opening, Reaper Expand 

Get SALT Encoding   

  12  0:01  SCV  
  13  0:14  SCV  
  14  0:20  Supply Depot  
  14  0:26  SCV  
  15  0:41  SCV  
  16  0:48  Refinery  
  16  0:50  Barracks  
  16  0:53  SCV  
  16  0:55  Refinery  
  17  1:05  SCV  
  18  1:17  SCV  
  19  1:38  Reaper, Orbital Command  
  20  1:50  Command Center  
  20  2:03  Factory  
  20  2:07  SCV  
  21  2:19  SCV  
  21  2:22  Supply Depot  
  22  2:24  Barracks Reactor  
  21  2:31  SCV  
  22  2:43  SCV  
  23  2:47  Cyclone  
  26  2:53  Supply Depot  
  26  2:56  SCV  
  26  3:01  Marine  
  26  3:02  Marine  
  28  3:08  SCV  
  29  3:13  Starport  
  29  3:19  Marine  
  30  3:20  SCV  
  30  3:21  Marine  
  32  3:32  SCV  
  32  3:33  Widow Mine  
  35  3:38  Marine  
  35  3:39  Marine  
  35  3:41  Supply Depot  
  36  3:44  SCV  
  37  3:50  Starport Tech Lab  
  37  3:56  SCV, Marine  
  37  4:02  Cyclone  
  42  4:06  Orbital Command  
  42  4:08  SCV  
  42  4:12  Cloaking Field  
  42  4:20  SCV  
  43  4:25  Banshee  
  43  4:28  Marine x2  
  48  4:32  SCV x2  
  50  4:41  Cyclone  
  50  4:44  SCV x2  
  55  4:47  Marine  
  56  4:53  Supply Depot  
  56  4:56  SCV  
  56  4:57  SCV  
  58  5:02  Marine  
  58  5:05  Marine  
  60  5:08  SCV  
  60  5:11  SCV  
  62  5:14  Banshee  
  62  5:20  SCV  
  66  5:23  SCV  
  66  5:24  Marine, Supply Depot  
  66  5:25  Marine  
  69  5:32  SCV  
  69  5:35  SCV  
  69  5:36  Factory Tech Lab  
  69  5:41  Marine  
  68  5:43  Marine  
  68  5:44  SCV  
  68  5:47  Supply Depot  
  68  5:49  Refinery  
  70  5:52  Barracks x2  
  70  5:54  SCV  
  71  6:00  Siege Tank  
  71  6:02  Banshee  
  71  6:03  SCV  
  69  6:06  SCV  
  69  6:09  Marine x2  
  72  6:15  SCV  
  72  6:16  Engineering Bay  
  70  6:20  SCV  
  64  6:27  Marine x2  
  64  6:32  Siege Tank  
  68  6:38  SCV  
  69  6:40  Barracks Reactor  
  69  6:42  Command Center  
  69  6:46  Marine x2  
  68  6:55  SCV  
  57  7:01  Marauder  
  57  7:04  SCV, Siege Tank, Marine x2  
  54  7:14  SCV  
  48  7:17  Marine  
  48  7:18  Marine  
  49  7:27  Starport Reactor  
  49  7:28  SCV  
Tags
 
Add a new tag
Caveats
  • Supply blocks, unpowered buildings, or Contaminate may cause inaccurate times.
  • Supply counts are checked every 10 seconds.